AoeStats
← darador86

Black Forest

509250633Analyzed
4v4 RM · 7d ago on Sep 26, 2026· 84m 2s· 8 players
Game mode
Random Map
Map size
Large (8 player)
Population
200
Speed
Normal
Resources
Standard
Victory
Conquest
Starting age
Dark Age
Ending age
Imperial Age
RankedLock teamsTeams togetherTeam positionsShared explorationLock speedFull tech treeHidden civsTurbo modeCheats
Victory
Defeat
🇨🇳 Vietnamese · China
691
+14
🇫🇷 Varangians · France
689
+14
🇦🇷 Huns · Argentina
680
+14
🇨🇳 Persians · China
629
+16
🇦🇺 Teutons · Australia
746
-18
🇮🇹 Vietnamese · Italy
637
-14
🇺🇸 Persians · United States
631
-14
🇨🇳 Lithuanians · China
565
-12
darador86
0:46 Loom
12:53 Feudal Age
14:56 Double-Bit Axe
17:57 Horse Collar
21:02 Castle Age
22:09 Bow Saw
23:29 Forging
23:20 Scale Mail Armor
23:25 Scale Barding Armor
23:11 Fletching
23:21 Padded Archer Armor
23:28 Caravan
23:41 Fishing Lines
24:55 Wheelbarrow
25:13 Gillnets
25:49 Town Watch
28:09 Hand Cart
27:57 Town Patrol
30:38 Heavy Plow
31:52 Marauders
34:50 Imperial Age
33:00 Murder Holes
33:33 Chain Barding Armor
33:28 Chain Mail Armor
33:49 Iron Casting
33:10 Bodkin Arrow
33:30 Leather Archer Armor
33:37 Leather Archer Armor
34:38 Husbandry
34:51 Bloodlines
35:24 Ballistics
35:15 Masonry
36:31 Two-Man Saw
35:24 Gold Mining
35:26 Stone Mining
36:45 Chemistry
35:59 Elite Tarkan
36:36 Pikeman
37:17 Squires
37:48 Parthian Tactics
37:39 Bracer
38:57 Conscription
38:59 Elite Skirmisher
40:03 Atheism
40:17 Thumb Ring
41:05 Plate Barding Armor
41:30 Blast Furnace
41:38 Gold Shaft Mining
41:21 Crossbowman
43:24 Heavy Cavalry Archer
53:04 Imperial Skirmisher
64:16 Guilds
71:25 Cavalier
80:13 Halberdier
DarkMatrix
0:59 Loom
12:42 Feudal Age
13:26 Double-Bit Axe
15:04 Gold Mining
15:45 Horse Collar
18:13 Wheelbarrow
21:54 Castle Age
24:03 Heavy Plow
24:16 Bow Saw
24:13 Stone Mining
25:31 Fervor
26:33 Stone Shaft Mining
31:01 Imperial Age
29:35 Treadmill Crane
30:39 Hand Cart
30:41 Forging
30:36 Scale Barding Armor
31:09 Town Watch
36:55 Two-Man Saw
36:28 Crop Rotation
39:18 Husbandry
39:29 Bloodlines
41:24 Caravan
41:34 Guilds
43:02 Iron Casting
42:28 Scale Mail Armor
42:48 Chain Barding Armor
42:33 Town Patrol
42:58 Ballistics
43:38 Chemistry
43:02 Conscription
42:04 Elite Jarl
42:20 Elite Jarl
42:27 Elite Varangian Guard
44:44 Blast Furnace
43:46 Scale Mail Armor
44:51 Coinage
45:08 Squires
44:54 Arson
45:48 Plate Barding Armor
45:17 Scale Mail Armor
45:28 Siege Engineers
45:46 Padded Archer Armor
45:36 Fletching
45:13 Light Cavalry
45:52 Capped Ram
47:12 Masonry
47:39 Siege Ram
47:51 Vendel Legacy
48:58 Chain Mail Armor
48:45 Heavy Mounted Crossbowman
48:46 Cranequins
50:05 Architecture
53:10 Plate Mail Armor
52:36 Bodkin Arrow
52:57 Leather Archer Armor
52:42 Murder Holes
52:20 Gothikon
54:26 Bracer
60:48 Ring Archer Armor
62:41 Banking
66:02 Devotion
65:31 Cavalier
82:02 Hussar
Monica
4:19 Loom
11:03 Feudal Age
16:17 Wheelbarrow
15:32 Double-Bit Axe
15:31 Horse Collar
43:41 Castle Age
43:50 Castle Age
50:07 Hand Cart
49:56 Heavy Plow
49:51 Gold Mining
49:52 Stone Mining
53:15 Pikeman
53:16 Man-at-Arms
53:43 Gambesons
53:58 Squires
53:22 Crossbowman
58:28 Kamandaran
61:12 Imperial Age
62:20 Town Watch
63:22 Caravan
63:52 Coinage
67:09 Elite War Elephant
68:00 Citadels
68:27 Hoardings
板蓝根
3:36 Loom
15:23 Feudal Age
15:35 Man-at-Arms
16:03 Double-Bit Axe
16:15 Gold Mining
16:20 Stone Mining
20:02 Fishing Lines
20:36 Horse Collar
25:51 Castle Age
27:58 Wheelbarrow
28:03 Stone Shaft Mining
27:40 Bow Saw
27:33 Heavy Plow
28:32 Hand Cart
28:33 Town Watch
33:22 Imperial Age
32:10 Town Patrol
33:56 Fortified Wall
33:27 Treadmill Crane
35:34 Chemistry
34:55 Ballistics
37:13 Crop Rotation
38:01 Two-Man Saw
37:11 Gillnets
37:45 Elite Skirmisher
38:18 Fletching
38:38 Forging
38:29 Scale Mail Armor
38:34 Scale Barding Armor
38:49 Murder Holes
41:22 Caravan
41:46 Siege Engineers
41:52 Masonry
41:53 Bodkin Arrow
42:34 Iron Casting
42:14 Chain Mail Armor
42:04 Scale Barding Armor
43:28 Elite Rattan Archer
44:14 Chatras
44:36 Paper Money
43:54 Onager
43:56 Capped Ram
44:05 Imperial Skirmisher
46:09 Light Cavalry
46:59 Bloodlines
46:47 Herbal Medicine
47:14 Sanctity
47:23 Elite Battle Elephant
47:24 Cavalier
48:05 Husbandry
48:44 Hoardings
47:40 Sappers
48:58 Atonement
49:03 Devotion
49:31 Illumination
49:23 Block Printing
49:45 Theocracy
49:58 Bracer
50:28 Plate Mail Armor
50:19 Chain Barding Armor
50:00 Padded Archer Armor
51:10 Pikeman
51:50 Squires
51:36 Arson
51:11 Elite Fire Lancer
51:12 Long Swordsman
58:11 Halberdier
58:12 Two-Handed Swordsman
59:38 Champion
71:32 Plate Barding Armor
71:13 Leather Archer Armor
73:28 Thumb Ring
Radolf
1:09 Loom
14:00 Feudal Age
15:24 Wheelbarrow
14:36 Town Watch
14:33 Horse Collar
15:08 Double-Bit Axe
21:38 Castle Age
23:58 Bow Saw
28:48 Fortified Wall
29:42 Hand Cart
29:26 Stone Mining
30:52 Stone Shaft Mining
30:07 Gold Mining
31:02 Heavy Plow
34:04 Imperial Age
33:06 Forging
33:01 Scale Barding Armor
33:29 Town Patrol
34:58 Ballistics
35:45 Chemistry
35:12 Bloodlines
36:52 Two-Man Saw
36:27 Arrowslits
37:37 Crop Rotation
37:14 Cavalier
37:57 Scale Mail Armor
38:33 Iron Casting
38:20 Chain Barding Armor
37:51 Fletching
38:46 Gold Mining
39:46 Crenellations
39:47 Conscription
41:15 Blast Furnace
41:38 Bodkin Arrow
41:43 Padded Archer Armor
41:44 Scale Mail Armor
42:13 Pikeman
42:39 Arson
44:07 Hoardings
44:00 Ironclad
43:36 Gambesons
43:52 Squires
44:20 Paladin
46:41 Plate Barding Armor
49:36 Halberdier
51:23 Heavy Scorpion
52:44 Chain Mail Armor
53:58 Plate Mail Armor
53:43 Leather Archer Armor
56:47 Elite Teutonic Knight
67:47 Elite Skirmisher
Paradox™
12:11 Feudal Age
17:14 Castle Age
18:06 Double-Bit Axe
18:27 Horse Collar
20:17 Heavy Plow
22:31 Gold Mining
22:33 Stone Mining
23:34 Caravan
24:51 Gold Shaft Mining
25:07 Stone Shaft Mining
28:24 Wheelbarrow
30:23 Imperial Age
30:46 Imperial Age
30:05 Bow Saw
31:41 Forging
31:37 Scale Barding Armor
31:34 Scale Mail Armor
31:50 Loom
32:41 Wheelbarrow
33:21 Crop Rotation
33:56 Two-Man Saw
33:59 Chemistry
33:03 Murder Holes
34:41 Iron Casting
34:56 Ballistics
36:29 Conscription
36:32 Hand Cart
38:23 Blast Furnace
37:38 Chain Mail Armor
37:47 Chain Barding Armor
37:47 Masonry
40:36 Plate Mail Armor
41:08 Kamandaran
41:20 Citadels
41:51 Plate Barding Armor
42:24 Architecture
42:14 Fletching
42:26 Padded Archer Armor
41:52 Pikeman
42:29 Gambesons
42:47 Squires
44:40 Bodkin Arrow
45:01 Leather Archer Armor
47:01 Ring Archer Armor
45:54 Elite War Elephant
47:11 Hoardings
47:29 Bloodlines
46:46 Light Cavalry
47:27 Husbandry
46:57 Halberdier
48:38 Cavalier
49:13 Arson
ildemo
0:30 Loom
16:38 Feudal Age
17:08 Horse Collar
17:18 Double-Bit Axe
18:12 Wheelbarrow
19:29 Gold Mining
19:26 Fishing Lines
24:15 Castle Age
24:01 Stone Mining
25:14 Heavy Plow
26:43 Stone Shaft Mining
26:28 Bow Saw
27:27 Hand Cart
26:58 Town Watch
32:22 Squires
32:08 Arson
37:36 Imperial Age
36:27 Town Patrol
37:27 Chatras
38:00 Elite Fire Lancer
38:53 Scale Barding Armor
38:49 Scale Mail Armor
38:50 Padded Archer Armor
38:41 Fletching
39:01 Forging
39:54 Chemistry
39:15 Ballistics
38:36 Treadmill Crane
38:52 Murder Holes
39:03 Siege Engineers
39:09 Masonry
39:28 Paper Money
40:51 Guilds
40:43 Caravan
43:52 Two-Man Saw
42:22 Onager
45:31 Elite Battle Elephant
46:12 Husbandry
46:23 Bloodlines
49:39 Chain Barding Armor
49:35 Chain Mail Armor
49:36 Leather Archer Armor
49:57 Iron Casting
49:19 Bodkin Arrow
49:38 Fortified Wall
54:07 Elite Rattan Archer
55:25 Hoardings
68:05 Cavalier
78:00 Pikeman
78:13 Light Cavalry
80:34 Thumb Ring
79:50 Elite Skirmisher
80:09 Halberdier
CCxK3
9:36 Loom
11:46 Feudal Age
17:26 Double-Bit Axe
17:39 Stone Mining
19:54 Wheelbarrow
19:18 Horse Collar
19:59 Gold Mining
26:22 Castle Age
28:00 Heavy Plow
28:13 Bow Saw
34:17 Stone Shaft Mining
33:42 Town Watch
34:24 Caravan
34:32 Elite Skirmisher
34:51 Pikeman
35:36 Squires
35:22 Arson
36:42 Bloodlines
36:33 Husbandry
39:07 Hand Cart
44:14 Imperial Age
45:03 Town Patrol
45:20 Thumb Ring
44:39 Cavalier
47:32 Forging
47:23 Scale Mail Armor
47:29 Scale Barding Armor
47:20 Fletching
47:34 Padded Archer Armor
49:13 Crop Rotation
52:19 Halberdier
52:21 Paladin
53:26 Bodkin Arrow
56:10 Conscription
55:59 Tower Shields
56:35 Hoardings
56:07 Imperial Skirmisher
61:10 Two-Man Saw
77:18 Elite Leitis
Connection lost

Rejoining the realm…

Still unreachable

The connection could not be restored.

Session expired

The server has moved on; the page needs a fresh start.